 Dungeon Crawl Stone Soup version 0.26-a0-110-g95b6527cb0 (webtiles) character file.

Game seed: 505480433694269109

220 mbyx9jk2 the Skirmisher (level 5, -2/46 HPs)
             Began as a Demonspawn Assassin on June 22, 2020.
             Killed by divine providence
             ... invoked by an orc priest
              (6 damage)
             ... on level 4 of the Dungeon on June 23, 2020.
             The game lasted 00:19:43 (3255 turns).

mbyx9jk2 the Skirmisher (Demonspawn Assassin)       Turns: 3255, Time: 00:19:44

Health: -2/46      AC:  3    Str: 12    XL:     5   Next: 64%
Magic:  0/5        EV: 15    Int: 12    God:
Gold:   244        SH:  0    Dex: 15    Spells: 4/4 levels left

rFire    . . .     SeeInvis .   a - +2 dagger
rCold    . . .     Faith    .   (no shield)
rNeg     . . .     Spirit   +   b - +0 robe
rPois    .         Reflect  .   (helmet restricted)
rElec    .         Harm     .   c - +0 cloak
rCorr    .                      (no gloves)
MR       .....                  (no boots)
Stlth    ++........             (no amulet)
HPRegen  0.15/turn              d - +4 ring of evasion
MPRegen  0.18/turn              (no ring)

@: no status effects
A: antennae 1, magic shield, magic regeneration
a: no special abilities


You were on level 4 of the Dungeon.
You were not hungry.

You visited 1 branch of the dungeon, and saw 5 of its levels.

You collected 244 gold pieces.

Inventory:

Hand Weapons
 a - a +2 dagger (weapon)
 n - a +1 dagger of freezing
Missiles
 e - 13 poisoned darts
 g - 2 curare-tipped darts
 l - 136 stones (quivered)
 s - 28 sling bullets
Armour
 b - a +0 robe (worn)
 c - a +0 cloak (worn)
Jewellery
 d - a +4 ring of evasion (left hand)
Wands
 r - a wand of flame (21)
Scrolls
 h - 2 scrolls of remove curse
 i - 3 scrolls of teleportation
 j - a scroll of fear {unknown}
Potions
 k - 4 potions of curing
 o - a potion of invisibility
 p - a potion of stabbing
 q - a potion of magic
Comestibles
 f - 6 rations


   Skills:
 - Level 6.0 Fighting
 - Level 1.7 Short Blades
 - Level 1.7 Throwing
 - Level 0.8 Dodging
 + Level 3.6 Stealth
 + Level 0.0 Evocations


You had 4 spell levels left.
You didn't know any spells.
Your spell library was empty.

Dungeon Overview and Level Annotations

Branches:
Dungeon (5/15)
 Temple: D:4-7

Altars:


Innate Abilities, Weirdness & Mutations

You have a pair of small antennae on your head.
When hurt, damage is shared between your health and your magic reserves.
You regenerate magic rapidly.


Message History

You hit the orc priest.
The orc priest is moderately wounded.
A scorpion comes into view.
The orc hits you with a +0 flail.
The orc priest miscasts a cantrip.
You barely miss the orc priest.
The orc priest is moderately wounded.
The orc hits you but does no damage. The orc barely misses you.
You hit the orc priest.
The orc priest is heavily wounded.
The orc priest hits you. The orc misses you. The orc closely misses you.
The orc priest hits you.
The orc priest mumbles some strange prayers to Beogh against you.
Beogh smites you!
* * * LOW HITPOINT WARNING * * *
The orc closely misses you.
Unknown command.
The orc priest calls down the wrath of Beogh upon you.
Beogh smites you!
You die...

#......so.....##.#
.#####...#########.##.#
#........o# #.##.#
########..# #s##.. ###
#.....s.# #.##.# #
#.......####.## #o##.. #.
#.###### #o# #...o.
..#.##.##########.##
#####.
...<...)......<.@..# #.
..#.#...#.#######........
... #.#...#.# ##.......
###. #.>....# ######. ..
#.#...### ... ###...# ##.
#...# #. ....# ..#..#


You could see a scorpion, an orc priest and an orc.

Vanquished Creatures
  An ogre (D:4)
  An iguana (D:4)
  2 adders
  A worm (D:2)
  2 dart slugs
  4 leopard geckos
  An orc (D:4)
  10 bats
  6 giant cockroaches
  6 goblins
  8 hobgoblins
  8 jackals
  2 quokkas
  9 frilled lizards
  5 kobolds
  A quokka skeleton (D:4)
  9 rats
76 creatures vanquished.

Notes
Turn   | Place    | Note
-------+----------+-------------------------------------------
     0 | D:1      | mbyx9jk2 the Demonspawn Assassin began the quest for the
                  | Orb.
     0 | D:1      | Reached XP level 1. HP: 16/16 MP: 1/1
    97 | D:1      | Gained mutation: You have a pair of small antennae on your
                  | head. [demonic ancestry]
    97 | D:1      | Reached XP level 2. HP: 2/23 MP: 2/2
   285 | D:1      | Reached skill level 3 in Fighting
   578 | D:1      | Gained mutation: When hurt, damage is shared between your
                  | health and your magic reserves. [demonic ancestry]
   578 | D:1      | Reached XP level 3. HP: 20/29 MP: 3/3
   820 | D:1      | Upgraded the game from 0.26-a0-104-gef3e9dd61f to
                  | 0.26-a0-110-g95b6527cb0
  1075 | D:2      | Reached skill level 4 in Fighting
  1548 | D:2      | Reached XP level 4. HP: 38/38 MP: 4/4
  2833 | D:3      | You fall into a shaft and drop 2 floors!
  2833 | D:5      | Entered Level 5 of the Dungeon
  2846 | D:4      | Noticed an ogre
  2853 | D:4      | Killed an ogre
  2853 | D:4      | Reached skill level 5 in Fighting
  2853 | D:4      | Gained mutation: You regenerate magic rapidly. [demonic
                  | ancestry]
  2853 | D:4      | Reached XP level 5. HP: 42/46 MP: 3/5
  2937 | D:4      | Reached skill level 6 in Fighting
  3233 | D:4      | HP: 1/46 [orc priest/divine providence (15)]
  3255 | D:4      | Killed from afar by an orc priest

Illustrated notes

Levels and vault maps discovered:
D:1:      lightli_iron_boxes, layout_rooms, st_stairs_8, minmay_heptomino_o4
D:2:      layout_basic, minmay_fountain_box
D:3:      minmay_door_path, layout_basic
D:4:      layout_loops_ring, minivault_14, grunt_gozag_statues
D:5:      layout_basic, first_ration, lightli_minifort

Skill      XL: |  1  2  3  4  5 |
---------------+----------------+-----
Fighting       | 3 4 5 6 |  6.0
Short Blades   | |  1.7
Throwing       | |  1.7
Dodging        | |  0.8
Stealth        | |  3.6

Action                   |  1- 3 |  4- 6 || total
-------------------------+-------+-------++-------
Melee: Dagger            |   132 |    98 ||   230
Throw: Dart              |    37 |       ||    37
       Stone             |     3 |     6 ||     9
  Use: Scroll            |       |     6 ||     6
 Stab: Sleeping          |     8 |     8 ||    16
  Eat: Chunk             |     2 |     4 ||     6
       Ration            |       |     1 ||     1
Armor: Robe              |    39 |    20 ||    59
Dodge: Dodged            |    86 |    56 ||   142

Table legend:
 A = Non-vault XP
 B = Vault XP
 C = Vault XP percentage of total XP
 D = Non-vault monster count
 E = Vault monster count
 F = Vault count percentage of total count
                 A         B        C        D         E       F
            +---------+---------+-------+---------+---------+-------
      Total |     299 |      16 |   5.1 |      66 |      10 |  13.2
            +---------+---------+-------+---------+---------+-------
        D:1 |      45 |      14 |  23.7 |      25 |       9 |  26.5
        D:2 |      47 |       0 |   0.0 |      21 |       0 |   0.0
        D:3 |      41 |       2 |   4.7 |      15 |       1 |   6.2
        D:4 |     166 |       0 |   0.0 |       5 |       0 |   0.0
            +---------+---------+-------+---------+---------+-------
